 Dungeon Crawl Stone Soup version 0.17.1-2-g5865329 (webtiles) character file.

14141 Faustar the Thaumaturge (level 11, -6/89 HPs)
             Began as a Yellow Draconian Conjurer on Jan 28, 2016.
             Was an Elder of Vehumet.
             Engulfed by a cloud of flame (13 damage)
             ... on level 4 of the Lair of Beasts.
             The game lasted 01:10:16 (17664 turns).

Faustar the Thaumaturge (DrCj)                     Turns: 17664, Time: 01:10:16

Health: -6/89      AC: 17    Str: 10    XL:     11   Next: 84%
Magic:  23/26      EV:  9    Int: 22    God:    Vehumet [****..]
Gold:   844        SH:  0    Dex: 12    Spells: 5 memorised, 16 levels left

rFire  . . .     SeeInvis .     J - +3 falchion (protect)
rCold  . . .     Clarity  .     (armour unavailable)
rNeg   . . .     SustAt   .     (no shield)
rPois  +         Gourm    .     (helmet restricted)
rElec  .         Spirit   .     P - +1 cloak
rCorr  +         Warding  .     z - +1 pair of gloves
rMut   .         Stasis   .     w - +0 pair of boots
MR     .....                    (no amulet)
Stlth  ++........               y - +3 ring of intelligence
                                H - ring of poison resistance

@: vulnerable, not resistant to hostile enchantments, unstealthy
A: spit acid, acid resistance, unfitting armour, cold-blooded, AC +7
a: Spit Acid, Renounce Religion


You were on level 4 of the Lair of Beasts.
You worshipped Vehumet.
Vehumet was greatly pleased with you.
You were not hungry.

You visited 3 branches of the dungeon, and saw 15 of its levels.
You also visited: Volcano.

You collected 844 gold pieces.

Inventory:

Hand Weapons
 J - a +3 falchion of protection (weapon)
Armour
 g - a +0 shield
 w - a +0 pair of boots (worn)
 z - a +1 pair of gloves (worn)
 P - a +1 cloak (worn)
Jewellery
 o - a +1 ring of protection
 v - a +3 ring of strength
 y - a +3 ring of intelligence (right hand)
 F - a +1 ring of slaying
 H - a ring of poison resistance (left hand)
 M - an uncursed ring of positive energy
 R - the ring "Atziwnor" {+Fly rF+}
   (You took it off an orc on level 8 of the Dungeon)

   [ring of flight]

   It protects you from fire.
   It lets you fly.
Wands
 f - a wand of magic darts (29)
 l - a wand of frost (16)
 s - a wand of confusion (22)
 t - a wand of disintegration (17)
 Q - a wand of confusion (37)
 U - a wand of hasting (9)
Scrolls
 i - 2 scrolls of noise
 j - 2 scrolls of enchant weapon
 n - 13 scrolls of identify {unknown}
 q - 2 scrolls of remove curse
 r - a scroll of summoning
 A - a scroll of vulnerability
 D - 2 scrolls of immolation
 G - 3 scrolls of amnesia
 T - 2 scrolls of magic mapping {unknown}
 X - a scroll of fog {unknown}
 Y - a scroll of brand weapon {unknown}
Potions
 c - 4 potions of haste
 e - 7 potions of curing
 h - 3 potions of brilliance
 k - a potion of flight
 L - 2 potions of poison {unknown}
 O - 3 potions of ambrosia {unknown}
 S - 2 potions of mutation {unknown}
 W - a potion of resistance
 Z - 2 potions of berserk rage {unknown}
Books
 a - a book of Conjurations

   Spells                             Type                      Level
   a - Magic Dart                     Conjuration                  1
   b - Searing Ray                    Conjuration                  2
   c - Dazzling Spray                 Conjuration/Hexes            3
   d - Fulminant Prism                Conjuration/Hexes            4
   e - Iskenderun's Mystic Blast      Conjuration                  4
   f - Iskenderun's Battlesphere      Conjuration/Charms           5
 m - a book of the Sky

   Spells                             Type                      Level
   a - Summon Lightning Spire         Summoning/Air                4
   b - Airstrike                      Air                          4
   c - Silence                        Hexes/Air                    5
   d - Deflect Missiles               Charms/Air                   6
   e - Conjure Ball Lightning         Conjuration/Air              6
   f - Tornado                        Air                          9
 p - a book of Maledictions

   Spells                             Type                      Level
   a - Corona                         Hexes                        1
   b - Ensorcelled Hibernation        Hexes/Ice                    2
   c - Confuse                        Hexes                        3
   d - Tukima's Dance                 Hexes                        3
   e - Dazzling Spray                 Conjuration/Hexes            3
 I - a Necronomicon

   Spells                             Type                      Level
   a - Haunt                          Necromancy/Summoning         7
   b - Borgnjor's Revivification      Necromancy                   8
   c - Death's Door                   Charms/Necromancy            8
   d - Necromutation                  Transmutation/Necromancy     8
 N - a book of the Sky

   Spells                             Type                      Level
   a - Summon Lightning Spire         Summoning/Air                4
   b - Airstrike                      Air                          4
   c - Silence                        Hexes/Air                    5
   d - Deflect Missiles               Charms/Air                   6
   e - Conjure Ball Lightning         Conjuration/Air              6
   f - Tornado                        Air                          9
Comestibles
 b - 11 bread rations
 d - 3 fruits
 B - 2 royal jellies
 C - 8 beef jerkies
 V - a meat ration


   Skills:
 - Level 6.0 Fighting
 - Level 5.0 Dodging
 - Level 1.7 Stealth
 - Level 11.3 Spellcasting
 - Level 9.0 Conjurations
 - Level 4.1 Hexes
 - Level 8.0 Charms
 + Level 1.7 Air Magic


You had 16 spell levels left.
You knew the following spells:

 Your Spells              Type           Power        Failure   Level  Hunger
a - Magic Dart            Conj           ####         1%          1    None
b - Searing Ray           Conj           ######       1%          2    None
c - Iskenderun's Battles  Conj/Chrm      #####...     1%          5    ####...
d - Fulminant Prism       Conj/Hex       #####.....   1%          4    #......
e - Airstrike             Air            ###.......   8%          4    #......


Dungeon Overview and Level Annotations

Branches:
Dungeon (10/15)            Temple (1/1) D:6            Lair (4/8) D:8
 Shoals (0/4) Lair:3          Orc (0/4) D:9
  Snake: Lair:3-6    Spider: Lair:3-6

Altars:
Ashenzari
Dithmenos
Kikubaaqudgha
Nemelex Xobeh
Qazlal
Ru
Sif Muna
Vehumet
Xom
Yredelemnul
Zin
The Shining One

Shops:
D:4 [   D:5 }


Innate Abilities, Weirdness & Mutations

You can spit globs of acid.
You are resistant to acid.
Your golden yellow scales are hard (AC +7).
Your body does not fit into most forms of armour.
You are cold-blooded and may be slowed by cold attacks.


Message History

Forget which spell ([?*] list [ESC] exit)?
Forget which spell ([?*] list [ESC] exit)?
Okay, then.
It was a scroll of amnesia.
Your spiny frog stings the wolf!!
The wolf explodes!
The fiery explosion engulfs you!
* * * LOW HITPOINT WARNING * * *
The fiery explosion engulfs your spiny frog.
You kill your spiny frog!
Your spiny frog's corpse dissolves into shadows!
The fiery explosion engulfs the wolf.
The wolf explodes!
The fiery explosion engulfs your water moccasin.
You kill your water moccasin!
Your water moccasin's corpse dissolves into shadows!
Vehumet accepts your kill.
You feel your power returning.
You hear a shout!
You are engulfed in roaring flames.
You die...

###. ### P..
#... .. ....
#... ..#...#
... . .h. #
.%#.h....#
<.####.§#§#....
.......§§§.....
......*@§§§....
#..#..#####.#.#
##


You could see 2 wolves.

Vanquished Creatures
  Harold (Lair:2)
  Pikel (D:4)
  An orc sorcerer (Volcano)
  A siren (Lair:3)
  3 spiny frogs
  A fire drake (Lair:3)
  5 komodo dragons
  A troll (D:8)
  A deep elf mage (D:9)
  4 yaks
  A basilisk (Lair:3)
  16 wolves
  3 water moccasins (Lair:1)
  A porcupine (Lair:1)
  An ice beast (D:6)
  2 sky beasts
  2 black bears
  2 centaurs
  A slave (D:4)
  The ghost of Clownie the Sneak, an amateur NaWz of Nemelex Xobeh (D:3)
  10 orc warriors
  3 ogres
  3 crocodiles
  2 phantoms
  11 giant frogs
  4 scorpions
  A water moccasin zombie (D:9)
  A wyvern skeleton (D:8)
  5 killer bees
  6 electric eels (D:8)
  2 crimson imps
  5 orc priests
  2 giant frog zombies
  5 lava snakes (Volcano)
  13 hounds
  A giant frog skeleton (D:5)
  2 jellies (D:9)
  10 worker ants
  Jessica (D:3)
  9 iguanas
  Natasha (thrice) (D:2)
  14 orc wizards
  2 killer bee zombies
  10 sheep
  10 adders
  13 gnolls
  25 river rats
  5 shadow imps
  2 adder zombies
  2 adder skeletons
  3 worms
  5 giant geckos
  54 orcs
  3 bats (D:1)
  7 giant cockroaches
  6 hobgoblins
  12 jackals
  4 quokkas
  A giant cockroach zombie (D:6)
  2 giant gecko skeletons
  A giant gecko zombie (D:9)
  3 giant newts (D:1)
  10 goblins
  A jackal skeleton (D:3)
  6 kobolds
  14 rats
  A spectral orc (D:6)
364 creatures vanquished.

Vanquished Creatures (collateral kills)
  A wolf (Lair:4)
1 creature vanquished.

Vanquished Creatures (others)
  A killer bee (D:8)
  An orc (D:4)
  48 fulminant prisms
  A fungus (Lair:1)
51 creatures vanquished.

Grand Total: 416 creatures vanquished

Notes
Turn   | Place    | Note
--------------------------------------------------------------
     0 | D:1      | Faustar the Draconian Conjurer began the quest for the Orb.
     0 | D:1      | Reached XP level 1. HP: 14/14 MP: 3/3
   580 | D:1      | Reached XP level 2. HP: 20/20 MP: 1/5
   756 | D:1      | Learned a level 2 spell: Searing Ray
  1574 | D:2      | Reached XP level 3. HP: 26/26 MP: 4/7
  2234 | D:2      | Reached XP level 4. HP: 33/33 MP: 5/10
  2410 | D:2      | Noticed Natasha
  2420 | D:2      | Killed Natasha
  2436 | D:2      | Noticed Natasha
  2454 | D:2      | Killed Natasha
  3111 | D:2      | Noticed Natasha
  3119 | D:2      | Killed Natasha
  3119 | D:2      | Reached XP level 5. HP: 38/38 MP: 8/12
  3245 | D:3      | Noticed Clownie's ghost (amateur NaWz)
  3260 | D:3      | Killed Clownie's ghost
  3260 | D:3      | Reached skill level 5 in Spellcasting
  3661 | D:3      | Reached XP level 6. HP: 22/45 MP: 1/14
  3908 | D:3      | Noticed Jessica
  3925 | D:3      | Reached skill level 6 in Spellcasting
  3982 | D:3      | Killed Jessica
  4010 | D:3      | Found a sparkling altar of Nemelex Xobeh.
  4684 | D:4      | Found a sacrificial altar of Ru.
  4684 | D:4      | Found an ancient bone altar of Kikubaaqudgha.
  4956 | D:4      | Found a deep blue altar of Sif Muna.
  5028 | D:4      | Reached skill level 7 in Spellcasting
  5028 | D:4      | Your scales start taking on a golden yellow colour.
  5028 | D:4      | Reached XP level 7. HP: 48/50 MP: 10/17
  5479 | D:4      | Found Musowory's Antique Armour Emporium.
  5910 | D:4      | Noticed Pikel
  5940 | D:4      | Killed Pikel
  5940 | D:4      | Reached skill level 9 in Spellcasting
  5940 | D:4      | Reached XP level 8. HP: 5/57 MP: 0/21
  6474 | D:5      | Entered Level 5 of the Dungeon
  6566 | D:5      | Found Durouli's Gadget Emporium.
  6817 | D:5      | Found a glowing golden altar of the Shining One.
  7076 | D:5      | Reached skill level 5 in Conjurations
  7107 | D:5      | Learned a level 5 spell: Iskenderun's Battlesphere
  7917 | D:6      | Found a staircase to the Ecumenical Temple.
  7933 | Temple   | Entered the Ecumenical Temple
  7940 | Temple   | Became a worshipper of Vehumet
  7985 | D:6      | Reached XP level 9. HP: 45/62 MP: 14/22
  8195 | D:6      | Found a glowing silver altar of Zin.
  8452 | D:6      | Found a basalt altar of Yredelemnul.
  8935 | D:7      | Reached skill level 1 in Charms
  8990 | D:7      | Found a shattered altar of Ashenzari.
  9822 | D:7      | Reached * piety under Vehumet
  9822 | D:7      | Offered knowledge of Sting by Vehumet.
 10009 | D:8      | Learned a level 4 spell: Fulminant Prism
 10025 | D:8      | Reached skill level 5 in Charms
 10377 | D:8      | Reached XP level 10. HP: 69/69 MP: 15/23
 10576 | D:8      | Reached ** piety under Vehumet
 10576 | D:8      | Offered knowledge of Flame Tongue by Vehumet.
 11308 | D:8      | Found a shimmering altar of Xom.
 11660 | D:8      | Found a staircase to the Lair.
 11846 | D:8      | Got a flickering golden ring
 12136 | D:9      | Reached skill level 1 in Hexes
 12462 | D:9      | Offered knowledge of Static Discharge by Vehumet.
 12595 | D:9      | Reached *** piety under Vehumet
 12695 | D:9      | Found a staircase to the Orcish Mines.
 13220 | D:9      | Reached skill level 1 in Fighting
 13295 | D:10     | Entered Level 10 of the Dungeon
 13877 | Lair:1   | Entered Level 1 of the Lair of Beasts
 14535 | Lair:1   | Offered knowledge of Sticky Flame by Vehumet.
 14535 | Lair:1   | Reached skill level 5 in Fighting
 15004 | Lair:1   | Reached XP level 11. HP: 89/89 MP: 20/24
 15367 | Lair:2   | Reached **** piety under Vehumet
 15576 | Lair:2   | Reached skill level 5 in Dodging
 15855 | Lair:2   | Identified the ring "Atziwnor" {+Fly rF+} (You took it off an orc on level 8 of the Dungeon)
 15986 | Lair:2   | Noticed Harold
 15990 | Lair:2   | Killed Harold
 15990 | Lair:2   | Reached skill level 10 in Spellcasting
 16162 | Lair:2   | Offered knowledge of Olgreb's Toxic Radiance by Vehumet.
 16881 | Lair:3   | Found a staircase to the Shoals.
 17112 | Lair:3   | Found a dark tunnel.
 17122 | Volcano  | Entered a volcano
 17357 | Volcano  | Reached skill level 11 in Spellcasting
 17529 | Volcano  | Found a radiant altar of Vehumet.
 17579 | Lair:3   | Learned a level 4 spell: Airstrike
 17658 | Lair:4   | Reached skill level 1 in Air Magic
 17664 | Lair:4   | Engulfed by a cloud of flame

Action                   |  1- 3 |  4- 6 |  7- 9 | 10-12 || total
-------------------------+-------+-------+-------+-------++-------
Melee: Club              |    65 |       |       |       ||    65
       Mace              |     9 |    25 |       |       ||    34
       Dagger            |       |    15 |    21 |       ||    36
       Falchion          |       |       |    14 |    17 ||    31
       Halberd           |       |       |     4 |       ||     4
 Cast: Magic Dart        |    28 |    53 |    94 |   122 ||   297
       Searing Ray       |     4 |    31 |    85 |    86 ||   206
       Fulminant Prism   |       |       |     3 |    45 ||    48
       Iskenderun's Batt |       |       |     1 |    31 ||    32
 Abil: Spit Acid         |       |       |     3 |       ||     3
  Use: Scroll            |     1 |       |       |     9 ||    10
       Potion            |       |     5 |     3 |     1 ||     9
 Stab: Sleeping          |     3 |     1 |     3 |       ||     7
  Eat: Chunk             |     4 |     9 |    18 |    21 ||    52
       Meat ration       |       |       |       |     1 ||     1
       Beef jerky        |       |       |       |     1 ||     1
       Fruit             |       |       |       |     2 ||     2
